 Dungeon Crawl Stone Soup version 0.31-a0-222-gefeffbb62a (webtiles) character file.

Game seed: 1167562627775945545

120 innerfire43 the Trooper (level 4, -1/37 HPs)
             Began as a Demonspawn Monk on July 5, 2023.
             Slain by a goblin
             ... wielding a +0 dagger
             ... led by Robin
              (3 damage)
             ... on level 2 of the Dungeon.
             The game lasted 00:01:43 (2708 turns).

innerfire43 the Trooper (Demonspawn Monk)           Turns: 2708, Time: 00:01:44

Health: -1/37      AC:  2    Str: 13    XL:     4   Next: 75%
Magic:  4/4        EV: 13    Int: 12    God:
Gold:   126        SH:  0    Dex: 15    Spells: 3/3 levels left

rFire   . . .        a - +0 hand axe
rCold   . . .        d - orb {light}
rNeg    . . .        b - +0 robe
rPois   .            (no helmet)
rElec   .            (no cloak)
rCorr   .            (no gloves)
SInv    .            (no boots)
Will    .....        (no amulet)
Stlth   +            (no ring)
HPRegen 0.26/turn    (no ring)
MPRegen 0.09/turn

%: no passive effects
@: glowing
A: powered by pain 1
a: no special abilities


You were on level 2 of the Dungeon.
You visited 1 branch of the dungeon, and saw 3 of its levels.

You collected 126 gold pieces.

Inventory:

Hand Weapons
 a - a +0 hand axe (weapon)
 p - a +0 dagger of flaming
Armour
 b - a +0 robe (worn)
 d - an orb of light (worn)
Scrolls
 e - 3 scrolls of noise {unknown}
 g - 2 scrolls of teleportation {unknown}
 j - a scroll of identify {unknown}
 k - a scroll of vulnerability {unknown}
 m - 2 scrolls of butterflies {unknown}
 n - a scroll of revelation {unknown}
 o - a scroll of poison {unknown}
Potions
 c - a potion of ambrosia
 f - a potion of attraction {unknown}
 h - a potion of enlightenment {unknown}
 i - 3 potions of curing {unknown}
 l - a potion of haste {unknown}


   Skills:
 + Level 4.1 Fighting
 + Level 3.6 Axes
 + Level 3.5 Dodging


You had 3 spell levels left.
You didn't know any spells.
Your spell library contained the following spells:

 Spells                   Type           Power      Damage    Failure   Level
 Blink                    Tloc           0%         N/A       45%         2
 Cigotuvi's Dreadful Rot  Necr/Pois/Air  0%         N/A       45%         2
 Call Canine Familiar     Summ           0%         N/A       69%         3
 Portal Projectile        Hex/Tloc       0%         N/A       69%         3
 Dispel Undead            Necr           0%         3d6       97%         4
 Leda's Liquefaction      Hex/Erth       0%         N/A       97%         4
 Manifold Assault         Tloc           0%         N/A       97%         4
 Death Channel            Necr           0%         N/A       100%        6
 Dispersal                Tloc           0%         N/A       100%        6
 Storm Form               Tmut/Air       0%         N/A       100%        7
 Disjunction              Tloc           0%         N/A       100%        8


Dungeon Overview and Level Annotations

Branches:
Dungeon (3/15)

Altars:
Trog
Xom

Annotations:
D:2 Natasha, Robin


Innate Abilities, Weirdness & Mutations

You sometimes gain a little power by taking damage.


Message History

The goblin barely misses you. The hobgoblin closely misses you.
Natasha closely misses you.
Unknown command.
You hit the hobgoblin.
You kill the hobgoblin!
You hit the goblin. You hit Natasha. The goblin misses you.
The cerulean imp hits you from afar with a +3 spear.
Natasha completely misses you.
Unknown command.
You are too injured to fight recklessly!
Unknown command.
You are too injured to fight recklessly!
Unknown command.
You are too injured to fight recklessly!
You slash the goblin!
You kill the goblin!
You hit the goblin.
You kill the goblin!
You completely miss Natasha.
The cerulean imp hits you from afar with a +3 spear.
Natasha barely misses you. The goblin hits you with a +0 dagger.
* * * LOW HITPOINT WARNING * * *
The goblin hits you with a +0 club.
* * * LOW HITPOINT WARNING * * *
The cerulean imp hits you from afar with a +3 spear.
* * * LOW HITPOINT WARNING * * *
You closely miss the goblin. You hit the goblin.
You kill the goblin!
You hit Natasha.
Natasha casts a spell.
The goblin barely misses you.
The cerulean imp hits you from afar with a +3 spear.
* * * LOW HITPOINT WARNING * * *
You hit the goblin.
The goblin is severely wounded.
You hit the hobgoblin. You hit Natasha but do no damage. Natasha misses you.
Robin roars a battlecry!
The goblins go into a battle-frenzy!
The hobgoblin completely misses you. The goblin hits you with a +0 dagger.
You die...

##.## ##...###
#.#......#####
#............#
#####....###.#
#.#### #.# #.#
#.# #'# #)# ...
#@#
.....b5hgg.....#
....###wg...#.#
.. #5._..#
........
......#.#
##..#.. # #.####


You could see Robin, Natasha, 2 cerulean imps, a dart slug, a hobgoblin
(strong), a goblin (strong) and a bat.

Vanquished Creatures
  Natasha (D:2)
  3 worms
  4 dart slugs
  4 orcs (D:3)
  4 ball pythons
  9 endoplasms
  2 giant cockroaches
  12 goblins
  6 hobgoblins
  6 jackals
  6 kobolds
  2 bats
  5 frilled lizards
  A rat (D:1)
65 creatures vanquished.

Notes
Turn   | Place    | Note
-------+----------+-------------------------------------------
     0 | D:1      | innerfire43 the Demonspawn Monk began the quest for the
                  | Orb.
     0 | D:1      | Reached XP level 1. HP: 18/18 MP: 1/1
   161 | D:1      | Gained mutation: You sometimes gain a little power by
                  | taking damage. [demonic ancestry]
   161 | D:1      | Reached XP level 2. HP: 24/24 MP: 2/2
   636 | D:1      | Reached XP level 3. HP: 29/29 MP: 3/3
  1143 | D:2      | You fall into a shaft and drop 1 floor!
  1460 | D:3      | Found a bloodstained altar of Trog.
  1633 | D:3      | Reached XP level 4. HP: 28/37 MP: 4/4
  2172 | D:2      | Found a faded altar of an unknown god.
  2579 | D:2      | Noticed Natasha
  2586 | D:2      | Killed Natasha
  2587 | D:2      | Reached skill level 4 in Fighting
  2697 | D:2      | Found a shimmering altar of Xom.
  2698 | D:2      | Noticed Robin
  2699 | D:2      | Noticed Natasha
  2708 | D:2      | Slain by a goblin

Illustrated notes

Levels and vault maps discovered:
D:1:      reono_arrival_forest_river, layout_loops_ring, serial_forest,
          infiniplex_forest_clump_C, infiniplex_forest_clump_curved,
          infiniplex_forest_lined_room_2, infiniplex_forest_straight_2,
          infiniplex_forest_lined_2, infiniplex_forest_clump_long,
          infiniplex_forest_clump_long, minivault_23, nicolae_wormholes
D:2:      layout_loops_corners, dreamdust_ecumenical_altar_angels_and_demons,
          basic_altar, uniq_natasha, uniq_robin
D:3:      layout_loops_ring, bloody_trog

Skill      XL: |  1  2  3  4 |
---------------+-------------+-----
Axes           | 3 |  3.6
Dodging        | 3 |  3.5
Fighting       | 4 |  4.1

Action                     |  1- 3 |  4- 6 || total
---------------------------+-------+-------++-------
  Melee: Hand axe          |   140 |    44 ||   184
 Armour: Robe              |    18 |     5 ||    23
  Dodge: Dodged            |    97 |    29 ||   126

Table legend: (Time is in decaauts)
 A = Elapsed time spent in this place.
 B = Non-inter-level travel time spent in this place.
 C = Inter-level travel time spent in this place.
 D = Time resting spent in this place.
 E = Time spent auto-exploring this place.
 F = Levels seen in this place.
 G = Mean time per level.
                   A        B        C        D        E       F      G
               +--------+--------+--------+--------+--------+-----+--------+
         Total |   2744 |   2641 |    103 |      0 |   2274 |   3 |  914.7 |
       Dungeon |   2744 |   2641 |    103 |      0 |   2274 |   3 |  914.7 |
               +--------+--------+--------+--------+--------+-----+--------+

Top non-repeatable levels by time:
     D:3: 1025 daAuts
     D:1: 953 daAuts
     D:2: 766 daAuts
